 Dungeon Crawl Stone Soup version 0.20-a0-945-g3bf614a (webtiles) character file.

1640 Duffy the Cleaver (level 8, -3/73 HPs)
             Began as a Minotaur Fighter on Apr 1, 2017.
             Was a Believer of Makhleb.
             Slain by Pikel
             ... wielding a +0 whip of electrocution
              (16 damage)
             ... on level 6 of the Dungeon.
             The game lasted 00:06:29 (6312 turns).

Duffy the Cleaver (Minotaur Fighter)                Turns: 6312, Time: 00:06:30

Health: -3/73      AC: 16    Str: 23    XL:     8   Next: 66%
Magic:  7/7        EV:  5    Int:  5    God:    Makhleb [**....]
Gold:   310        SH: 11    Dex: 10    Spells: 7/7 levels left

rFire    . . .     SeeInvis .   a - +0 war axe
rCold    . . .     Gourm    .   c - +0 shield
rNeg     + . .     Faith    .   E - +0 plate armour
rPois    .         Spirit   .   (helmet restricted)
rElec    .         Reflect  .   u - +0 cloak
rCorr    .         Harm     .   (no gloves)
MR       .....                  m - +1 pair of boots
Stlth    ..........             (no amulet)
Regen    0.3/turn               l - ring of positive energy
MPRegen  0.1/turn               (no ring)

@: about to teleport
A: retaliatory headbutt, horns 2
a: Minor Destruction, Renounce Religion


You were on level 6 of the Dungeon.
You worshipped Makhleb.
Makhleb was pleased with you.
You were not hungry.

You visited 2 branches of the dungeon, and saw 7 of its levels.
You also visited: Sewer.

You collected 310 gold pieces.

Inventory:

Hand Weapons
 a - a +0 war axe (weapon)
 h - a +0 blowgun
 z - a +1 falchion of flaming
Missiles
 e - 7 javelins (quivered)
Armour
 c - a +0 shield (worn)
 m - a +1 pair of boots (worn)
 u - a +0 cloak (worn)
 E - a +0 plate armour (worn)
Jewellery
 l - a ring of positive energy (left hand)
 y - an uncursed ring of ice
Wands
 r - a wand of iceblast (13/15)
 s - a wand of polymorph (14/24)
 w - a wand of flame (14/48)
 C - a wand of random effects (33/48)
Scrolls
 j - 4 scrolls of teleportation
 n - a scroll of blinking
 o - 2 scrolls of magic mapping {unknown}
 p - 3 scrolls of recharging
 t - 2 scrolls of fear
 x - a scroll of random uselessness {unknown}
 D - a scroll of noise {unknown}
 G - a scroll of remove curse
 H - a scroll of brand weapon {unknown}
Potions
 d - a potion of might
 g - 5 potions of curing
 i - 2 potions of heal wounds {unknown}
 k - a potion of magic {unknown}
 q - a potion of ambrosia
 B - 2 potions of invisibility
 F - 2 potions of flight
Comestibles
 b - a meat ration
 f - 2 bread rations
 v - a royal jelly
 A - 2 fruits


   Skills:
 + Level 7.0 Fighting
 * Level 8.7 Axes
 + Level 6.6 Armour
 + Level 7.0 Shields


You had 7 spell levels left.
You didn't know any spells.

Dungeon Overview and Level Annotations

Branches:
Dungeon (6/15)             Temple (1/1) D:4

Altars:
Ashenzari
Dithmenos
Elyvilon
Fedhas
Gozag
Hepliaklqana
Kikubaaqudgha
Makhleb
Nemelex Xobeh
Okawaru
Qazlal
Sif Muna
Uskayaw
Vehumet
Wu Jian
Xom
Yredelemnul
Zin
The Shining One

Annotations:
D:6 Pikel


Innate Abilities, Weirdness & Mutations

You reflexively headbutt those who attack you in melee.
You have a pair of horns on your head.


Message History

You furiously retaliate!
You headbutt the slave. The slave hits you but does no damage.
Pikel barely misses you. You block the orc's attack.
The orc hits you but does no damage. The slave barely misses you.
You furiously retaliate!
You headbutt the slave! Pikel hits you but does no damage.
Things that are here:
a scythe of freezing; a robe; the human corpse of Sigmund You closely miss the orc.
You headbutt the orc.
The orc is severely wounded.
You hit the orc. You hit Pikel but do no damage. You hit the slave.
The orc hits you but does no damage. You block the orc's attack.
The slave hits you but does no damage. Pikel hits you but does no damage.
You are electrocuted!
You slash the orc!
You kill the orc!
Makhleb accepts your kill.
You feel better.
You closely miss the orc. You slash Pikel! You hit the slave.
Pikel hits you but does no damage.
You are electrocuted!
You die...

### ..# #.#
.######.###
........#.######.
#<(...$....
####.poZ......
##....Opo......
.....ppK@######.
.##.##.###
.)....# #._...##
##.... ..... #...


You could see a two-headed ogre, Pikel, 4 slaves, 2 orcs and a centaur skeleton.

Vanquished Creatures
  The ghost of StylePro the Covert, a novice SpAs (D:4)
  Sigmund (D:6)
  An ice beast (D:5)
  A phantom (D:4)
  An ogre (D:4)
  2 centaurs
  A bullfrog (D:4)
  2 scorpions (D:5)
  A centaur zombie (D:3)
  A hound (D:4)
  2 orc wizards (D:5)
  A centaur skeleton (D:4)
  Natasha (thrice) (D:3)
  2 worker ants (D:4)
  Robin (D:3)
  11 adders
  A shadow imp (D:5)
  5 oozes
  An adder skeleton (D:4)
  6 worms
  2 dart slugs (D:1)
  8 leopard geckos
  28 orcs
  8 giant cockroaches
  13 goblins
  13 hobgoblins
  12 jackals
  A quokka (D:5)
  A ball python (D:3)
  14 bats
  8 frilled lizards
  A jackal skeleton (D:5)
  2 kobolds (D:2)
  6 rats
162 creatures vanquished.

Notes
Turn   | Place    | Note
-------+----------+-------------------------------------------
     0 | D:1      | Duffy the Minotaur Fighter began the quest for the Orb.
     0 | D:1      | Reached XP level 1. HP: 19/19 MP: 0/0
   319 | D:1      | Reached XP level 2. HP: 26/27 MP: 1/1
   496 | D:1      | Reached skill level 3 in Axes
   910 | D:2      | Reached XP level 3. HP: 29/33 MP: 2/2
  1720 | D:3      | Noticed Robin
  1723 | D:3      | Reached XP level 4. HP: 30/40 MP: 3/3
  1734 | D:3      | Killed Robin
  1734 | D:3      | Reached skill level 4 in Axes
  2024 | D:3      | Reached XP level 5. HP: 46/47 MP: 4/4
  2530 | D:3      | Noticed Natasha
  2535 | D:3      | Killed Natasha
  2928 | D:3      | Noticed Natasha
  2933 | D:3      | Killed Natasha
  2933 | D:3      | Reached skill level 5 in Axes
  3022 | D:3      | Noticed Natasha
  3027 | D:3      | Killed Natasha
  3027 | D:3      | Reached skill level 5 in Shields
  3027 | D:3      | Reached XP level 6. HP: 55/55 MP: 5/5
  3241 | D:4      | Found a shimmering altar of Xom.
  3249 | D:4      | Found a shattered altar of Ashenzari.
  3319 | D:4      | Reached skill level 5 in Fighting
  3458 | D:4      | Found a staircase to the Ecumenical Temple.
  3492 | D:4      | Found a shattered altar of Ashenzari.
  3511 | Temple   | Entered the Ecumenical Temple
  3662 | Temple   | Became a worshipper of Makhleb the Destroyer
  3718 | D:4      | Noticed StylePro's ghost (novice SpAs)
  3785 | D:4      | Reached skill level 6 in Axes
  3785 | D:4      | Reached skill level 5 in Armour
  3978 | D:4      | Killed StylePro's ghost
  3978 | D:4      | Reached skill level 7 in Axes
  3978 | D:4      | Reached XP level 7. HP: 62/62 MP: 6/6
  4600 | D:5      | Entered Level 5 of the Dungeon
  4684 | D:5      | Found a glowing drain.
  4688 | Sewer    | Entered a sewer
  4848 | Sewer    | Reached * piety under Makhleb
  5046 | Sewer    | Reached XP level 8. HP: 70/70 MP: 7/7
  5847 | D:5      | Reached skill level 8 in Axes
  5982 | D:5      | Found a shadowy altar of Dithmenos.
  6059 | D:5      | Reached ** piety under Makhleb
  6191 | D:5      | Found a sparkling altar of Nemelex Xobeh.
  6296 | D:6      | Found a white marble altar of Elyvilon.
  6296 | D:6      | Noticed Sigmund
  6302 | D:6      | Noticed Pikel
  6304 | D:6      | Noticed a two-headed ogre
  6304 | D:6      | Killed Sigmund
  6312 | D:6      | Slain by Pikel

Vault maps used:
D:1:      dpeg_arrival_long_road, minmay_misc_feat_doors
D:3:      uniq_natasha, uniq_robin
D:4:      chequers_temple_overflow_statue_of_worship,
          minmay_temple_entry_statues, cheibrodos_ashenzari_chains
D:5:      lemuel_crystal_altar, first_bread, basic_altar, gup_sewer_entry_spiral
D:6:      overflow_temple_1_default, nicolae_ru_great_annihilating_truth,
          serial_shops, shop, uniq_duvessa, uniq_pikel, uniq_sigmund
Temple:   regret_index_temple_waves
Sewer:    sewer_fruit_machine

Skill      XL: |  1  2  3  4  5  6  7  8 |
---------------+-------------------------+-----
Shields        | 4 5 6 7 |  7.0
Axes           | 3 4 5 7 8 |  8.7
Armour         | 4 5 6 |  6.6
Fighting       | 4 5 6 7 |  7.0

Action                   |  1- 3 |  4- 6 |  7- 9 || total
-------------------------+-------+-------+-------++-------
Melee: War axe           |   106 |   360 |   221 ||   687
       Headbutt          |    15 |    24 |    24 ||    63
Throw: Javelin           |       |       |     3 ||     3
  Use: Scroll            |       |     5 |     7 ||    12
       Potion            |       |       |     2 ||     2
 Stab: Invisible         |       |       |     1 ||     1
  Eat: Chunk             |     3 |     7 |     4 ||    14
       Meat ration       |       |     1 |       ||     1
Armor: Scale mail        |    64 |    43 |       ||   107
       Plate armour      |       |   228 |   167 ||   395
Dodge: Dodged            |    44 |    53 |    42 ||   139
Block: Shield            |    79 |   165 |   126 ||   370
